 Dungeon Crawl Stone Soup version 0.20-a0-277-g7db01f4 (webtiles) character file.

574 Derfel the Conjurer (level 7, -5/36 HPs)
             Began as a Deep Elf Conjurer on Dec 14, 2016.
             Was an Initiate of Vehumet.
             Slain by a worker ant (7 damage)
             ... on level 4 of the Dungeon.
             The game lasted 00:18:56 (4016 turns).

Derfel the Conjurer (Deep Elf Conjurer)             Turns: 4016, Time: 00:18:56

Health: -5/36      AC:  3    Str:  5    XL:     7   Next: 12%
Magic:  17/17      EV: 14    Int: 22    God:    Vehumet [......]
Gold:   192        SH:  0    Dex: 15    Spells: 2/17 levels left

rFire  . . .     SeeInvis +     t - +2 dagger (distort)
rCold  + . .     Gourm    .     l - +0 robe
rNeg   . . .     Faith    .     (no shield)
rPois  .         Spirit   .     (no helmet)
rElec  .         Reflect  .     (no cloak)
rCorr  .         Harm     .     B - +0 pair of gloves
MR     .....                    (no boots)
Stlth  +++.......               (no amulet)
                                A - ring of see invisible
                                f - ring of protection from cold

@: lethally poisoned (-5 -> -24), starving
A: no striking features
a: Renounce Religion


You were on level 4 of the Dungeon.
You worshipped Vehumet.
Vehumet was noncommittal.
You were starving.

You visited 1 branch of the dungeon, and saw 5 of its levels.

You collected 192 gold pieces.

Inventory:

Hand Weapons
 a - a +0 dagger
 b - a +4 hunting sling
 i - a +0 short sword
 t - a +2 dagger of distortion (weapon)
Missiles
 e - 138 stones (quivered)
 C - 2 needles of sleeping
Armour
 l - a +0 robe (worn)
 o - a +1 ring mail of fire resistance
 B - a +0 pair of gloves (worn)
Jewellery
 f - a ring of protection from cold (left hand)
 y - an uncursed ring of ice
 A - a ring of see invisible (right hand)
Scrolls
 d - a scroll of blinking {unknown}
 g - a scroll of magic mapping
 j - a scroll of amnesia {unknown}
 q - a scroll of enchant weapon
 v - a scroll of teleportation
 w - a scroll of remove curse {unknown}
 x - a scroll of recharging {unknown}
 D - 2 scrolls of identify {@r1}
Potions
 r - 2 potions of brilliance
 u - a potion of flight
Books
 p - a book of Conjurations

   Spells                             Type                      Level
   a - Magic Dart                     Conjuration                  1
   b - Searing Ray                    Conjuration                  2
   c - Dazzling Spray                 Conjuration/Hexes            3
   d - Fulminant Prism                Conjuration/Hexes            4
   e - Iskenderun's Mystic Blast      Conjuration                  4
   f - Iskenderun's Battlesphere      Conjuration/Charms           5
Comestibles
 c - 4 bread rations
 k - 3 fruits
 n - a meat ration


   Skills:
 - Level 3.7 Dodging
 + Level 4.9 Stealth
 + Level 5.8 Spellcasting
 + Level 6.4 Conjurations
 + Level 3.8 Charms


You had 2 spell levels left.
You knew the following spells:

 Your Spells              Type           Power        Failure   Level  Hunger
a - Magic Dart            Conj           ####         1%          1    None
b - Searing Ray           Conj           ####..       1%          2    None
c - Iskenderun's Mystic   Conj           ####....     10%         4    ####...
d - Iskenderun's Battles  Conj/Chrm      ####....     34%         5    #####..
e - Dazzling Spray        Conj/Hex       ###...       10%         3    ##.....


Dungeon Overview and Level Annotations

Branches:
Dungeon (5/15)
 Temple: D:4-7

Altars:
Okawaru
Vehumet
Yredelemnul


Message History

You bump into the rock wall.
You feel less invigorated.
You feel less confused.
You feel sick. The worker ant closely misses you.
You barely miss the worker ant.
The worker ant is heavily wounded.
You feel sick. The worker ant closely misses you. The worker ant bites you.
* * * LOW HITPOINT WARNING * * *
You are more poisoned.
The worker ant poisons you!
You hit the worker ant.
Space bends around the worker ant.
The worker ant is almost dead.
* * * LOW HITPOINT WARNING * * *
You feel sick. The worker ant bites you.
* * * LOW HITPOINT WARNING * * *
You don't have the energy to cast that spell.
You start eating the meat ration.
Keep eating?
* * * LOW HITPOINT WARNING * * *
You feel sick. The worker ant bites you!
You die...

##.##.# #................#
#.##.# #.##############.#
#.##.# #.##.........# #.#
#.##.# #.##.#######.# #.#
#.##.#
#.#........#.###.######
#.##.#
#.#..#....>...(........
#.##.#
#.#..#.###.#..##.######
#.##.# #.#..#a..#.##.##.#
#.##.#
#.#..#@#.#.##.##.######
#.##.#
#.#[.#.#.#.............
#.##.#
#.#..#.#.#.##.##.######
#.##.#####'#..#.#.#.##.##.#
#.##..........#.#.#.##.##.#
#.##..........#.#.#.##.##.#
##
#..#..........#)#.#.##.##.#
#.
##.#..........#.#,#.##.##.#
#.
#.#..........#,,,#.##.##.#
#.


You could see a worker ant.

Vanquished Creatures
  An ogre (D:4)
  2 scorpions (D:4)
  2 orc priests (D:4)
  A bullfrog skeleton (D:4)
  A centaur skeleton (D:4)
  A hound (D:4)
  An iguana (D:4)
  Natasha (thrice) (D:2)
  A worker ant (D:3)
  7 adders
  An adder skeleton (D:4)
  4 worms
  4 leopard geckos
  2 orcs (D:4)
  2 ball pythons
  2 bats (D:2)
  A giant cockroach (D:2)
  5 goblins
  2 hobgoblins (D:2)
  2 jackals (D:4)
  3 kobolds
  A quokka (D:2)
  11 frilled lizards
  4 rats
64 creatures vanquished.

Notes
Turn   | Place    | Note
-------+----------+-------------------------------------------
     0 | D:1      | Derfel the Deep Elf Conjurer began the quest for the Orb.
     0 | D:1      | Reached XP level 1. HP: 10/10 MP: 6/6
   294 | D:1      | Reached XP level 2. HP: 15/15 MP: 8/8
   328 | D:1      | Learned a level 2 spell: Searing Ray
   717 | D:2      | Reached XP level 3. HP: 19/19 MP: 8/10
  1053 | D:2      | Noticed Natasha
  1058 | D:2      | Killed Natasha
  1058 | D:2      | Reached skill level 5 in Conjurations
  1058 | D:2      | Reached XP level 4. HP: 24/24 MP: 6/12
  1421 | D:2      | Noticed Natasha
  1424 | D:2      | Killed Natasha
  1431 | D:2      | Learned a level 4 spell: Iskenderun's Mystic Blast
  1525 | D:2      | Noticed Natasha
  1536 | D:2      | Killed Natasha
  1536 | D:2      | Reached XP level 5. HP: 22/28 MP: 7/13
  1602 | D:3      | Learned a level 5 spell: Iskenderun's Battlesphere
  1606 | D:3      | Found an iron altar of Okawaru.
  1782 | D:3      | Found a faded altar of an unknown god.
  1830 | D:3      | Reached skill level 1 in Charms
  2618 | D:4      | Reached skill level 5 in Spellcasting
  2618 | D:4      | Reached XP level 6. HP: 22/32 MP: 10/15
  2844 | D:4      | Reached skill level 6 in Conjurations
  3407 | D:4      | Reached XP level 7. HP: 36/36 MP: 11/17
  3412 | D:4      | Learned a level 3 spell: Dazzling Spray
  3582 | D:4      | Found a basalt altar of Yredelemnul.
  3582 | D:4      | Found a radiant altar of Vehumet.
  3587 | D:4      | Became a worshipper of Vehumet
  3992 | D:5      | Entered Level 5 of the Dungeon
  4016 | D:4      | Slain by a worker ant

Vault maps used:
D:1:      dpeg_arrival_three_smaller_balls, minmay_lizard_king
D:2:      uniq_natasha
D:3:      okawaru_gym_becter, chequers_ecumenical_altar_grove, first_bread
D:4:      gammafunk_temple_overflow_wave
D:5:      elyvilon_altar_5, lemuel_doored_altar,
          minmay_guarded_unrand_staff_of_olgreb

Skill      XL: |  1  2  3  4  5  6 |
---------------+-------------------+-----
Dodging        | 3 |  3.7
Spellcasting   | 4 5 |  5.8
Stealth        | 3 4 |  4.9
Conjurations   | 5 6 |  6.4
Charms         | 2 3 |  3.8

Action                   |  1- 3 |  4- 6 |  7- 9 || total
-------------------------+-------+-------+-------++-------
Melee: Dagger            |       |     2 |     6 ||     8
 Fire: Hunting sling     |    24 |     8 |       ||    32
 Cast: Magic Dart        |    21 |    49 |     1 ||    71
       Searing Ray       |     2 |    16 |     6 ||    24
       Iskenderun's Myst |       |     1 |       ||     1
  Use: Scroll            |       |     7 |       ||     7
       Potion            |       |       |     5 ||     5
 Stab: Sleeping          |       |     1 |       ||     1
  Eat: Chunk             |       |     6 |       ||     6
       Beef jerky        |       |     1 |       ||     1
Armor: Robe              |     1 |     1 |     1 ||     3
Dodge: Dodged            |    11 |    19 |    10 ||    40
